 Dungeon Crawl Stone Soup version 0.25.0-26-g0c896c7088 (webtiles) character file.

Game seed: 11513108177477492743

32853 Esekla the Thaumaturge (level 14, -8/104 HPs)
             Began as a Formicid Necromancer on July 4, 2020.
             Mangled by an eight-headed hydra (11 damage)
             ... on level 5 of the Lair of Beasts.
             The game lasted 02:45:10 (18238 turns).

Esekla the Thaumaturge (Formicid Necromancer)      Turns: 18238, Time: 02:45:10

Health: -8/104     AC: 12    Str: 13    XL:     14   Next: 4%
Magic:  33/37      EV: 13    Int: 22    God:
Gold:   1578       SH:  0    Dex: 11    Spells: 11/34 levels left

rFire    + . .     SeeInvis +   a - +8 short sword "Xoquzik" {protect, rC+}
rCold    + + .     Gourm    .   (no shield)
rNeg     . . .     Faith    .   M - +4 troll leather armour
rPois    .         Spirit   .   (helmet unavailable)
rElec    .         Reflect  .   B - scarf {rC+ rF+}
rCorr    .         Harm     .   (no gloves)
MR       +....                  (no boots)
Stlth    +++.......             g - amulet of magic regeneration
HPRegen  0.67/turn              y - +4 ring of slaying
MPRegen  0.50/turn              K - ring of magical power

@: mighty, very slightly contaminated
A: permanent stasis, dig shafts and tunnels, four strong arms, antennae 3, slimy
green scales 1, yellow scales 1, clever 1, sense surroundings 1
a: Dig, Shaft Self


You were on level 5 of the Lair of Beasts.
You were not hungry.

You visited 3 branches of the dungeon, and saw 18 of its levels.
You also visited: Volcano.

You collected 1802 gold pieces.
You spent 224 gold pieces at shops.

Inventory:

Hand Weapons
 a - the +8 short sword "Xoquzik" (weapon) {protect, rC+}
   (You found it on level 4 of the Dungeon)

   It grants its wielder temporary protection when it strikes (+7 to AC).
   It protects you from cold.
 l - a +1 vorpal long sword
 r - a +3 spear
 v - a +2 dagger of venom
 z - a +5 dagger of freezing
 G - the +2 dagger of Calculation {drain, rElec Str+8}
   (You bought it in a shop on level 8 of the Dungeon)

   A truly terrible weapon, it drains the life of those it strikes.
   It affects your strength (+8).
   It insulates you from electricity.
Missiles
 d - 3 boomerangs (quivered)
 w - 10 javelins
 L - 22 curare-tipped darts
 O - 22 poisoned darts
Armour
 s - a +2 leather armour of fire resistance
 B - a scarf of resistance (worn)
 H - a +1 leather armour of cold resistance
 M - a +4 troll leather armour (worn)
Jewellery
 g - an amulet of magic regeneration (around neck)
 y - a +4 ring of slaying (left hand)
 D - an uncursed amulet of reflection
 I - an uncursed ring of ice
 K - a ring of magical power (right hand)
 X - an uncursed ring of positive energy
Wands
 e - a wand of disintegration (9)
 F - a wand of iceblast (23)
 P - a wand of polymorph (7)
 Z - a wand of flame (12)
Scrolls
 h - a scroll of torment {unknown}
 j - 2 scrolls of fog
 o - 11 scrolls of remove curse
 q - a scroll of identify
 t - 2 scrolls of noise {unknown}
 u - 2 scrolls of summoning {unknown}
 x - a scroll of magic mapping
 A - 3 scrolls of random uselessness {unknown}
 E - 4 scrolls of enchant weapon
 N - a scroll of vulnerability {unknown}
 Q - a scroll of holy word {unknown}
 U - a scroll of acquirement {unknown}
Potions
 b - 3 potions of brilliance
 f - 4 potions of curing
 i - 5 potions of resistance
 k - a potion of ambrosia {unknown}
 m - 2 potions of lignification
 n - a potion of berserk rage {unknown}
 p - 5 potions of stabbing
 R - a potion of might
 S - 2 potions of cancellation {unknown}
 V - a potion of magic {unknown}
 Y - 2 potions of flight {unknown}
Comestibles
 c - 17 rations


   Skills:
 * Level 7.7 Fighting
 + Level 7.2(8.6) Short Blades
 * Level 7.1(8.5) Long Blades
 + Level 2.1 Throwing
 + Level 5.3 Armour
 + Level 4.1 Dodging
 + Level 5.6 Stealth
   Level 1.9 Shields
 * Level 10.6 Spellcasting
 * Level 6.1 Conjurations
 * Level 2.3 Hexes
 + Level 3.8 Charms
 + Level 7.2 Necromancy
 + Level 4.0 Translocations
 + Level 3.3 Fire Magic
 * Level 3.6 Ice Magic
 * Level 4.8 Air Magic
 + Level 6.0 Poison Magic


You had 11 spell levels left.
You knew the following spells:

 Your Spells              Type           Power        Failure   Level  Hunger
a - Apportation           Tloc           ####..       1%          1    None
c - Mephitic Cloud        Conj/Pois/Air  #####...     1%          3    None
d - Vampiric Draining     Necr           #####.....   1%          3    None
f - Conjure Flame         Conj/Fire      ####....     3%          3    None
g - Shroud of Golubria    Chrm/Tloc      ####..       2%          2    None
k - Tukima's Dance        Hex            ###.....     9%          3    None
v - Poisonous Vapours     Pois/Air       #####.       1%          2    None
z - Freezing Cloud        Conj/Ice/Air   ####......   82%         6    ######.

Your spell library contained the following spells:

 Spells                   Type           Power        Failure   Level  Hunger
 Animate Skeleton         Necr           N/A          1%          1    None
 Pain                     Necr           ####         1%          1    None
 Corpse Rot               Necr/Air       N/A          1%          2    None
 Animate Dead             Necr           N/A          3%          4    #......
 Lesser Beckoning         Tloc           ####......   4%          3    None
 Teleport Other           Tloc           ####....     4%          3    None
 Spider Form              Tmut/Pois      ###.......   6%          3    None
 Stone Arrow              Conj/Erth      ####..       6%          3    None
 Beastly Appendage        Tmut           ##....       7%          1    None
 Summon Butterflies       Summ           ##......     7%          1    None
 Agony                    Necr           #####...     10%         5    ####...
 Sticks to Snakes         Tmut           ##......     11%         2    None
 Passage of Golubria      Tloc           N/A          13%         4    #......
 Ice Form                 Ice/Tmut       ###.....     32%         4    #......
 Leda's Liquefaction      Hex/Erth       ###.......   41%         4    #......
 Bolt of Magma            Conj/Fire/Erth ####......   45%         5    ####...
 Alistair's Intoxication  Tmut/Pois      ###.....     50%         5    ####...
 Summon Forest            Summ/Tloc      ###.......   63%         5    ####...
 Blade Hands              Tmut           ##........   88%         5    ####...
 Iron Shot                Conj/Erth      ####......   96%         6    ######.
 Eringya's Noxious Bog    Tmut/Pois      ###.......   97%         6    ######.
 Invisibility             Hex            ###.....     99%         6    ######.
 Hydra Form               Tmut           ##........   100%        6    ######.
 Statue Form              Tmut/Erth      ##.......    100%        6    ######.
 Ring of Flames           Chrm/Fire      ####......   100%        7    #######
 Summon Hydra             Summ           ##........   100%        7    #######
 Shatter                  Erth           ##........   100%        9    #######
 Controlled Blink         Tloc           Unusable     N/A         8    N/A

Dungeon Overview and Level Annotations

Branches:
Dungeon (11/15)            Temple (1/1) D:7            Lair (6/6) D:8
  Snake (0/4) Lair:3        Slime (0/5) Lair:5          Orc (0/2) D:10
Volcano (visited)
  Swamp: Lair:2-4    Shoals: Lair:2-4

Altars:
Ashenzari
Cheibriados
Dithmenos
Elyvilon
Fedhas
Gozag
Hepliaklqana
Kikubaaqudgha
Makhleb
Nemelex Xobeh
Okawaru
Qazlal
Ru
Sif Muna
Trog
Uskayaw
Vehumet
Wu Jian
Xom
Yredelemnul
Zin
The Shining One
Jiyva

Shops:
D:8 (

Annotations:
D:6 1 transporter, Matador8's ghost, novice MiFi
Lair:6 Rupert


Innate Abilities, Weirdness & Mutations

You cannot be hasted, slowed, berserked, paralysed or teleported.
You can dig through walls and to a lower floor.
Your four strong arms can wield two-handed weapons with a shield.
You have a pair of large antennae on your head. (SInv)
You are partially covered in slimy green scales. (AC +2)
You are partially covered in yellow scales. (AC +2)
Your mind is acute. (Int +2)
You passively map a small area around you.


Message History

The eight-headed hydra bites you.
* * * LOW HITPOINT WARNING * * *
The eight-headed hydra completely misses you.
Casting: Vampiric Draining (safe; 1% risk of failure)
Confirm with . or Enter, or press ? or * to list all spells.
Aiming: Vampiric Draining (safe; 1% risk of failure)
Press: ? - help, Shift-Dir - straight line, f/p - eight-headed hydra
Aim: an eight-headed hydra (lightly wounded)
The eight-headed hydra is lightly wounded.
You feel life coursing into your body. The eight-headed hydra bites you!
* * * LOW HITPOINT WARNING * * *
The eight-headed hydra bites you!
* * * LOW HITPOINT WARNING * * *
The eight-headed hydra barely misses you.
The eight-headed hydra misses you. The eight-headed hydra bites you!
* * * LOW HITPOINT WARNING * * *
The eight-headed hydra misses you.
The eight-headed hydra barely misses you.
The eight-headed hydra bites you!
You die...

.###......#.#...#..........#.#.#.
..#.....#.#.........##....#####..
.....................##....##..##
............#......#.##P.P..#..##
..P#...<....P............#.#.###
...##..PP..P..P...#....#..#..####
...###.........P.....##..#..##.##
(..#.###...P..PDP..............%.
...#..###...#.#.@......#####...##
......##....##.#†..##..# #P####
...................##..# ### #.
..#.....#.........##P..# ##
..#.....#......#...##..##
..#..............#......# #
..#.....................# #
..#....##...........##### #
.P#....#####...#...#### #


You could see an eight-headed hydra.

Vanquished Creatures
  A hydra (Lair:5)
  Sonja (Lair:5)
  A fire crab (Volcano)
  2 lindwurms
  2 ugly things
  A cyclops (D:11)
  4 black mambas
  6 elephants (Lair:5)
  15 spiny frogs
  3 komodo dragons
  10 rime drakes
  A troll (D:10)
  A polar bear (Lair:4)
  5 blink frogs
  5 hippogriffs
  A spriggan (Lair:1)
  30 yaks
  A hungry ghost (D:9)
  A basilisk (Lair:4)
  2 fire bats (Volcano)
  11 steam dragons
  Eustachio (D:5)
  2 nagas (Lair:3)
  12 water moccasins
  3 hell hounds (Volcano)
  6 porcupines
  2 sky beasts
  3 orc warriors
  2 ice beasts (D:5)
  3 phantoms
  2 black bears
  5 wolves (Lair:3)
  6 ogres
  5 centaurs
  9 crocodiles
  4 big kobolds
  19 bullfrogs
  Blork the orc (D:4)
  A gnoll sergeant (D:10)
  A wyvern zombie (D:9)
  4 wights (D:10)
  8 killer bees
  3 howler monkeys
  3 crimson imps
  2 centaur zombies
  A bullfrog skeleton (D:5)
  A quasit (D:10)
  A gnoll shaman (D:9)
  2 hounds
  7 jellies
  Terence (D:3)
  5 orc priests
  Ijyb (D:2)
  3 iguanas
  13 orc wizards
  2 worker ants
  A hound skeleton (D:7)
  A hound zombie (D:11)
  2 worker ant zombies
  10 gnolls
  16 adders
  A shadow imp (D:5)
  7 oozes
  An adder skeleton (D:5)
  2 worms (D:3)
  2 dart slugs
  8 leopard geckos
  47 orcs
  5 giant cockroaches
  3 goblins
  6 hobgoblins
  2 jackals (D:5)
  6 quokkas
  6 bats
  A frilled lizard (D:1)
  28 kobolds
  A quokka skeleton (D:5)
  5 rats
409 creatures vanquished.

Vanquished Creatures (others)
  13 fungi
  45 plants
58 creatures vanquished.

Grand Total: 467 creatures vanquished

Notes
Turn   | Place    | Note
-------+----------+-------------------------------------------
     0 | D:1      | Esekla the Formicid Necromancer began the quest for the
                  | Orb.
     0 | D:1      | Reached XP level 1. HP: 13/13 MP: 3/3
   444 | D:1      | Reached XP level 2. HP: 19/19 MP: 5/5
   883 | D:1      | Reached XP level 3. HP: 25/25 MP: 4/6
  1498 | D:2      | Reached skill level 1 in Fighting
  1733 | D:2      | Noticed a bullfrog
  1751 | D:2      | Learned a level 3 spell: Vampiric Draining
  1809 | D:2      | Reached skill level 1 in Armour
  1850 | D:2      | Reached XP level 4. HP: 25/32 MP: 4/8
  1896 | D:2      | Killed a bullfrog
  1896 | D:2      | Reached skill level 3 in Spellcasting
  1896 | D:2      | Reached XP level 5. HP: 6/38 MP: 0/10
  2305 | D:3      | Noticed Ijyb
  2347 | D:2      | Killed Ijyb
  2531 | D:3      | Noticed Terence
  2665 | D:3      | Killed Terence
  2665 | D:3      | Reached XP level 6. HP: 30/44 MP: 2/11
  2781 | D:3      | Reached skill level 1 in Short Blades
  3074 | D:3      | Reached skill level 4 in Spellcasting
  3632 | D:4      | Got a fine short sword
  3633 | D:4      | Identified the +8 short sword "Xoquzik" {protect, rC+} (You
                  | found it on level 4 of the Dungeon)
  3719 | D:4      | Noticed Blork the orc
  3730 | D:4      | Killed Blork the orc
  3730 | D:4      | Reached skill level 5 in Necromancy
  3880 | D:5      | Entered Level 5 of the Dungeon
  4220 | D:4      | Noticed a phantom
  4255 | D:4      | Identified the Handbook of Orientation
  4260 | D:4      | Learned a level 2 spell: Shroud of Golubria
  4416 | D:4      | Reached XP level 7. HP: 50/51 MP: 13/13
  4669 | D:5      | Reached skill level 1 in Long Blades
  4669 | D:5      | Reached skill level 1 in Charms
  4669 | D:5      | Reached skill level 1 in Translocations
  4826 | D:5      | Reached XP level 8. HP: 50/58 MP: 14/14
  5040 | D:5      | Noticed Eustachio
  5049 | D:5      | Killed Eustachio
  5437 | D:5      | Reached skill level 5 in Spellcasting
  5692 | D:6      | Reached XP level 9. HP: 59/65 MP: 9/16
  5720 | D:6      | Found a transporter.
  5721 | D:6      | Noticed Matador8's ghost (novice MiFi)
  5726 | D:6      | Identified the +10 dire flail of Courage {vorpal, *Slow
                  | +Inv rC+ Str+3}
  5821 | D:6      | Found a shadowy altar of Dithmenos.
  6793 | D:7      | Found a staircase to the Ecumenical Temple.
  6809 | Temple   | Entered the Ecumenical Temple
  6951 | D:7      | Found an ornate altar of the Wu Jian Council.
  7170 | D:7      | Learned a level 2 spell: Poisonous Vapours
  7174 | D:7      | Learned a level 3 spell: Mephitic Cloud
  7178 | D:7      | Learned a level 3 spell: Conjure Flame
  7226 | D:8      | Reached skill level 1 in Conjurations
  7242 | D:8      | Found Fyzuf's Antique Weapon Shoppe.
  7403 | D:8      | Found an opulent altar of Gozag.
  7431 | D:8      | You fall into a shaft and drop 3 floors!
  7434 | D:11     | Noticed a brown ugly thing
  7535 | D:10     | Entered Level 10 of the Dungeon
  7599 | D:10     | Found a staircase to the Orcish Mines.
  7770 | D:10     | Noticed a hippogriff
  7783 | D:10     | Killed a hippogriff
  7807 | D:11     | Noticed a troll
  7823 | D:10     | Killed a troll
  7823 | D:10     | Reached skill level 1 in Poison Magic
  7823 | D:10     | Reached XP level 10. HP: 35/73 MP: 10/18
  8120 | D:9      | Reached skill level 6 in Spellcasting
  8210 | D:9      | Found a hide-covered altar of Uskayaw.
  8316 | D:9      | Reached skill level 5 in Short Blades
  8367 | D:8      | Reached skill level 1 in Air Magic
  8385 | D:8      | Reached skill level 5 in Armour
  8457 | D:8      | Found a staircase to the Lair.
  8457 | D:8      | Noticed a komodo dragon
  8506 | D:8      | Killed a komodo dragon
  8753 | D:8      | Bought an ichor-stained dagger for 224 gold pieces
  8753 | D:8      | Identified the +2 dagger of Calculation {drain, rElec
                  | Str+8} (You bought it in a shop on level 8 of the Dungeon)
  9386 | D:9      | Learned a level 1 spell: Apportation
  9660 | D:10     | HP: 3/73 [orc warrior/+0 dire flail (25)]
 10120 | D:10     | Found a viscous altar of Jiyva.
 10224 | D:10     | Reached skill level 1 in Shields
 10224 | D:10     | Reached XP level 11. HP: 78/78 MP: 21/21
 10231 | D:10     | Reached skill level 5 in Fighting
 10341 | D:11     | Reached skill level 7 in Spellcasting
 10416 | D:11     | Noticed a cyclops
 10622 | D:11     | Noticed a cyan ugly thing
 10642 | D:11     | Killed a cyan ugly thing
 11020 | D:10     | Killed a brown ugly thing
 11020 | D:10     | Reached skill level 1 in Fire Magic
 11158 | D:11     | Killed a cyclops
 11341 | D:11     | Reached skill level 5 in Long Blades
 11476 | Lair:1   | Entered Level 1 of the Lair of Beasts
 11793 | Lair:1   | Reached skill level 8 in Spellcasting
 12563 | Lair:1   | Reached XP level 12. HP: 26/88 MP: 21/24
 13218 | Lair:4   | Reached skill level 9 in Spellcasting
 13243 | Lair:5   | Found a viscous altar of Jiyva.
 13243 | Lair:5   | Noticed a four-headed hydra
 13244 | Lair:5   | Found a staircase to the Slime Pits.
 13258 | Lair:5   | Killed a four-headed hydra
 13258 | Lair:5   | Reached skill level 5 in Poison Magic
 13340 | Lair:5   | Noticed Sonja
 13381 | Lair:5   | Found a dark tunnel.
 13382 | Lair:5   | Got a bloodstained ring mail
 13394 | Lair:5   | Identified the +2 ring mail "Feical" {rF- Int+8 Dex+5} (You
                  | found it on level 5 of the Lair of Beasts)
 13409 | Lair:5   | Gained mutation: You are partially covered in slimy green
                  | scales. (AC +2) [potion of mutation]
 13409 | Lair:5   | Gained mutation: You are dopey. (Int -2) [potion of
                  | mutation]
 13409 | Lair:5   | Gained mutation: You passively map a small area around you.
                  | [potion of mutation]
 13410 | Lair:5   | Lost mutation: You are dopey. (Int -2) [potion of mutation]
 13410 | Lair:5   | Gained mutation: You are partially covered in yellow
                  | scales. (AC +2) [potion of mutation]
 13410 | Lair:5   | Gained mutation: Your mind is acute. (Int +2) [potion of
                  | mutation]
 13512 | Volcano  | Entered a volcano
 13807 | Volcano  | Noticed a fire crab
 13843 | Volcano  | Killed a fire crab
 14559 | Lair:5   | Learned a level 3 spell: Tukima's Dance
 14566 | Lair:5   | Learned a level 6 spell: Freezing Cloud
 15019 | Lair:3   | Reached skill level 1 in Ice Magic
 15078 | Lair:3   | Found a staircase to the Snake Pit.
 15393 | Lair:3   | Reached XP level 13. HP: 81/95 MP: 26/26
 15399 | Lair:3   | Reached skill level 5 in Conjurations
 15409 | Lair:3   | Reached skill level 5 in Stealth
 15460 | Lair:3   | Reached skill level 1 in Throwing
 15907 | Lair:4   | Reached skill level 10 in Spellcasting
 16534 | Lair:4   | Reached skill level 1 in Hexes
 16805 | Lair:5   | Killed Sonja
 17750 | Lair:6   | Entered Level 6 of the Lair of Beasts
 17976 | Lair:6   | Noticed Rupert
 17991 | Lair:6   | Noticed an eight-headed hydra
 17998 | Lair:5   | Reached XP level 14. HP: 90/103 MP: 25/28
 18238 | Lair:5   | HP: 3/104 [eight-headed hydra (13)]
 18238 | Lair:5   | Mangled by an eight-headed hydra

Illustrated notes

Levels and vault maps discovered:
D:1:      nicolae_arrival_somewhat_less_tricky_arrival, layout_basic,
          chequers_serial_rivers_micro_d, due_unseen_surprise
D:2:      layout_basic
D:3:      layout_basic, hangedman_glass_teeth, minmay_misc_feat_square,
          uniq_ijyb, uniq_terence
D:4:      layout_loops_ring, first_ration, uniq_blork_the_orc
D:5:      minmay_thinvault, layout_gridville, uniq_eustachio
D:6:      layout_basic, gammafunk_ghost_smash, grunt_dithmenos_smoke
D:7:      layout_loops_ring, minmay_temple_entry_glassed_door, basic_altar
D:8:      layout_rooms, david_lair_shrubbed, serial_shops, kennysheep_mini,
          basic_altar
D:9:      layout_grid_maze, kennysheep_little_box
D:10:     layout_roguey [special_room_orc], david_orc_2,
          hangedman_little_slice_of_home
D:11:     layout_long_grid
Temple:   kilobyte_greek_temple
Lair:1:   layout_loops_ring, grunt_forest_large_clearing_hut, grunt_megastairs_2
Lair:2:   layout_roguey, elwin_shoals_entry_rocks, roderic_carrion_pond,
          grunt_megastairs_3, uniq_erica
Lair:3:   layout_loops_ring, minmay_snake_entry_guardpost_small,
          bobbens_dragon_lair_wall, grunt_megastairs_4
Lair:4:   layout_cave_pods, cheibrodos_lair_reptile_den
Lair:5:   layout_loops_ring, slime_altar_1, nicolae_volcano_entry_vermiform,
          uniq_sonja
Lair:6:   minmay_lair_end_frog_pond, layout_misc_corridors, uniq_rupert

Skill      XL: |  1  2  3  4  5  6  7  8  9 10 11 12 13 |
---------------+----------------------------------------+-----
Fighting       | 1 2 3 4 6 7 |  7.7
Armour         | 1 2 3 4 5 |  5.3
Spellcasting   | 3 4 5 6 8 9 10 | 10.6
Short Blades   | 1 2 3 4 5 6 7 |  7.2
Dodging        | 2 3 4 |  4.1
Necromancy     | 5 6 7 |  7.2
Long Blades    | 1 2 3 4 5 6 7 |  7.1
Charms         | 1 2 3 |  3.8
Translocations | 1 2 3 4 |  4.0
Stealth        | 3 4 5 |  5.6
Conjurations   | 1 2 3 4 6 |  6.1
Poison Magic   | 1 2 4 5 6 |  6.0
Air Magic      | 2 3 4 |  4.8
Shields        | 1 |  1.9
Fire Magic     | 2 3 |  3.3
Ice Magic      | 1 3 |  3.6
Throwing       | 2 |  2.1
Hexes          | 2 |  2.3

Action                   |  1- 3 |  4- 6 |  7- 9 | 10-12 | 13-15 || total
-------------------------+-------+-------+-------+-------+-------++-------
Melee: Short sword       |    58 |   155 |   229 |   581 |   308 ||  1331
       Dagger            |       |       |       |    29 |       ||    29
Throw: Dart              |       |       |     2 |       |    17 ||    19
       Boomerang         |       |       |     1 |    15 |     8 ||    24
 Cast: Pain              |    26 |       |       |       |       ||    26
       Vampiric Draining |     1 |    23 |     9 |   125 |    57 ||   215
       Poisonous Vapours |       |       |     2 |    73 |    83 ||   158
       Mephitic Cloud    |       |       |     1 |     9 |     8 ||    18
       Shroud of Golubri |       |       |       |    10 |     2 ||    12
       Conjure Flame     |       |       |       |     5 |     5 ||    10
       Apportation       |       |       |       |    10 |     1 ||    11
  Use: Scroll            |       |       |       |    19 |     2 ||    21
       Potion            |       |       |       |     3 |     3 ||     6
 Stab: Sleeping          |     1 |       |     7 |     9 |     5 ||    22
       Distracted        |       |       |     1 |       |       ||     1
       Confused          |       |       |     1 |     5 |     3 ||     9
  Eat: Chunk             |     3 |    10 |    12 |    24 |     9 ||    58
       Ration            |       |       |       |     1 |       ||     1
Armor: Leather armour    |    19 |    32 |    61 |     9 |       ||   121
       Troll leather arm |       |       |       |   185 |   188 ||   373
Dodge: Dodged            |    43 |   105 |   108 |   413 |   234 ||   903
Block: Other             |       |       |    32 |    87 |       ||   119
       Reflection        |       |       |       |     1 |       ||     1
